 Dungeon Crawl Stone Soup version 0.30-a0-169-g06f667207d (webtiles) character file.

Game seed: 2933993452006503331

81937 Decritt the Warrior (level 16, -24/131 HPs)
             Began as a Djinni Conjurer on Sept 30, 2022.
             Was the Champion of Makhleb.
             Annihilated by a white ugly thing (45 damage)
             ... on level 14 of the Dungeon.
             The game lasted 01:58:48 (24783 turns).

Decritt the Warrior (Djinni Conjurer)              Turns: 24783, Time: 01:58:49

Health: -24/131    AC: 13    Str:  6    XL:     16   Next: 19%
Gold:   1339       EV: 20    Int: 27    God:    Makhleb [******] SH:  6 Dex: 13

rFire   + + +      SeeInvis +    S - staff of fire
rCold   x . .      Faith    .    m - +1 buckler
rNeg    + . .      Spirit   .    s - +4 troll leather armour
rPois   ∞          Reflect  .    u - +2 hat
rElec   +          Harm     .    R - scarf {repulsion}
rCorr   .          Rampage  .    O - +1 pair of gloves
Will    +....                    (boots unavailable)
Stlth   ++........               D - amulet of regeneration
HPRegen 1.91/turn                I - +4 ring of evasion
MPRegen 0.00/turn                E - ring "Cyssem" {rElec rN+ SInv}

@: flying, repel missiles
A: sickness immunity, fire resistance 2, cold vulnerability 1, float, innate
caster, HP casting, extra vitality 1
a: Renounce Religion, Minor Destruction, Lesser Servant of Makhleb, Major
Destruction, Greater Servant of Makhleb


You were on level 14 of the Dungeon.
You worshipped Makhleb.
Makhleb was exalted by your worship.
You visited 4 branches of the dungeon, and saw 21 of its levels.
You also visited: Bailey.

You collected 2358 gold pieces.
You spent 1019 gold pieces at shops.

Inventory:

Missiles
 q - 5 throwing nets
Armour
 e - a +0 kite shield
 m - a +1 buckler (worn)
 s - a +4 troll leather armour (worn)
 u - a +2 hat (worn)
 K - the +4 skin of Zhor {*Englaciate rC+++ SInv}
   (You found it in a bailey)

   It radiates cold, occasionally slowing all nearby creatures who are not
   resistant to cold.
   rC:        It renders you almost immune to cold.
   SInv:      It lets you see invisible.
 O - a +1 pair of gloves (worn)
 Q - a +1 leather armour of willpower
 R - a scarf of repulsion (worn)
Magical Staves
 a - a staff of air
 B - a staff of conjuration
 S - a staff of fire (weapon)
Jewellery
 f - a ring of positive energy
 x - a +6 ring of intelligence
 D - an amulet of regeneration (around neck)
 E - the ring "Cyssem" (right hand) {rElec rN+ SInv}
   (You acquired it on level 1 of the Lair of Beasts)

   [ring of see invisible]

   rElec:     It insulates you from electricity.
   rN:        It protects you from negative energy.
   SInv:      It lets you see invisible.
 F - a +6 ring of dexterity
 I - a +4 ring of evasion (left hand)
 P - a ring of fire
Wands
 d - a wand of flame (9)
 k - a wand of mindburst (11)
 w - a wand of charming (14)
 z - a wand of polymorph (9)
 H - a wand of acid (6)
 M - a wand of roots (8)
Scrolls
 b - 3 scrolls of magic mapping
 c - a scroll of fear
 r - 2 scrolls of identify
 t - 9 scrolls of teleportation
 v - 3 scrolls of butterflies
 y - 4 scrolls of vulnerability
 C - a scroll of silence
 G - a scroll of blinking
 L - 2 scrolls of summoning
 N - a scroll of enchant weapon
Potions
 g - 6 potions of curing
 h - 3 potions of might
 i - a potion of ambrosia
 l - 2 potions of haste
 n - 4 potions of brilliance
 p - 4 potions of heal wounds
 A - 3 potions of resistance
 J - a potion of mutation
Miscellaneous
 j - a tin of tremorstones (2/2)
 o - a condenser vane


   Skills:
 * Level 17.6 Fighting
 - Level 6.0 Armour
 + Level 13.0 Dodging
 - Level 1.5 Stealth
 + Level 6.5 Shields
 + Level 11.8 Spellcasting


You couldn't memorise any spells.
You knew the following spells:

 Your Spells              Type           Power      Damage    Failure   Level
a - Sandblast             Erth           100%       2d20      1%          1
b - Searing Ray           Conj           100%       2d8       1%          2
c - Fireball              Conj/Fire      44%        3d18      1%          5
d - Fulminant Prism       Conj/Hex       34%        3d16      1%          4
e - Iskenderun's Mystic   Conj/Tloc      68%        2d14      1%          4
f - Magic Dart            Conj           100%       1d8       1%          1
g - Wereblood             Tmut           68%        N/A       1%          2
h - Ignite Poison         Fire/Tmut/Pois 88%        N/A       1%          3
i - Manifold Assault      Tloc           68%        N/A       1%          4
j - Eringya's Noxious Bo  Tmut/Pois      34%        N/A       8%          6
k - Dazzling Flash        Conj/Hex       100%       N/A       1%          3
p - Passage of Golubria   Tloc           68%        N/A       1%          4
Your spell library was empty.

Dungeon Overview and Level Annotations

Branches:
Dungeon (14/15)            Temple (1/1) D:4            Lair (5/5) D:10
  Swamp (1/4) Lair:2       Spider (0/4) Lair:3        Slime (0/5) Lair:4
    Orc (0/2) D:12         Vaults (0/5) D:14         Bailey (visited)

Altars:
Ashenzari
Cheibriados
Dithmenos
Elyvilon
Fedhas
Gozag
Hepliaklqana
Makhleb
Nemelex Xobeh
Okawaru
Qazlal
Ru
Trog
Uskayaw
Wu Jian
Xom
Yredelemnul
Zin
The Shining One
Jiyva

Shops:
D:1 [   D:2 [   D:4 !   D:12 *

Annotations:
Lair:1 2 transporters, Jano's ghost, journeyman HOFi
Lair:5 2 transporters, hofbold's ghost, journeyman OgTm


Innate Abilities, Weirdness & Mutations

You are immune to sickness and miasma.
You are immune to poison.
Your flesh is very heat resistant. (rF++)
You are vulnerable to cold. (rC-)
You float through the air rather than walking.
You learn spells naturally, not from books.
Your magical power is your life essence.
You have superior vitality. (+4 MHP)


Message History

You kill the white ugly thing!
Makhleb accepts your kill.
You feel better.
The fireball engulfs the white ugly thing!
The white ugly thing is heavily wounded.
* * * LOW HITPOINT WARNING * * *
Casting: Fireball (mildly dangerous; 1% risk of failure)
Confirm with . or Enter, or press ? or * to list all spells.
Aiming: Fireball (mildly dangerous; 1% risk of failure)
Press: ? - help, Shift-Dir - straight line, f - white ugly thing
Aim: a white ugly thing (heavily wounded)
You feel a surge of power!
The fireball explodes!
The fireball engulfs the white ugly thing!
The white ugly thing is severely wounded.
* * * LOW HITPOINT WARNING * * *
Casting: Fireball (mildly dangerous; 1% risk of failure)
Confirm with . or Enter, or press ? or * to list all spells.
Aiming: Fireball (mildly dangerous; 1% risk of failure)
Press: ? - help, Shift-Dir - straight line, f/p - white ugly thing
Aim: a white ugly thing (severely wounded)
You feel a surge of power! That beam is likely to hit you.
Continue anyway?
Okay, then.
Casting: Fireball (mildly dangerous; 1% risk of failure)
Confirm with . or Enter, or press ? or * to list all spells.
Aiming: Sandblast (safe; 1% risk of failure)
Press: ? - help, Shift-Dir - straight line, f/p - white ugly thing
Aim: a white ugly thing (severely wounded, 85% to hit)
The blast of sand hits the white ugly thing!
The white ugly thing is almost dead.
* * * LOW HITPOINT WARNING * * *
The white ugly thing pecks you.
* * * LOW HITPOINT WARNING * * *
The white ugly thing freezes you!!
You feel a terrible chill!
* * * LOW HITPOINT WARNING * * *
The white ugly thing attacks as you move away!
The white ugly thing pecks you!
* * * LOW HITPOINT WARNING * * *
The white ugly thing freezes you!!!
You feel a terrible chill!
You die...

#.# ##... ..
###.####'.).
.####..'....#...
####.#.....#....#)..
#....#.....######...
#....##.............
#.....#...######....
#.....#...#....#....
#..@..#...#....'....
#..u..#...#....#....
#.....#...# ...#.###
#....†###.####'#.#?#
#.......#........##.
#......B'......#.#.#
#.......#......#.##.
#.......#......#.#.#
####.......#.....††.##.


You could see a boulder beetle (wandering) and a white ugly thing.

Vanquished Creatures
  Azrael (D:13)
  Josephine (D:14)
  5 hydras
  7 vault guards (D:14)
  Erolcha (D:11)
  2 centaur warriors (D:13)
  2 boulder beetles (D:14)
  A death yak (Lair:5)
  A two-headed ogre (D:13)
  An orc high priest (D:12)
  A fire crab (Lair:4)
  Amaemon (Lair:3)
  An orb spider (Lair:3)
  A bog body (Swamp:1)
  2 deep elf pyromancers
  5 cyclopes
  11 ugly things (D:14)
  2 black mambas
  10 elephants
  A manticore (D:12)
  An orange demon (Lair:3)
  3 torpor snails (Lair:2)
  4 gargoyles
  10 cane toads
  A demonic crawler (D:14)
  An unseen horror (D:12)
  2 kobold demonologists (D:13)
  9 komodo dragons
  A troll (D:12)
  6 polar bears
  10 hornets
  20 blink frogs
  A tyrant leech (Swamp:1)
  A centaur simulacrum (D:14)
  13 spriggans (Lair:5)
  5 wraiths
  2 vampires
  A fire elemental (D:13)
  2 wyverns
  39 yaks
  Grum (Lair:1)
  2 basilisks
  A human (shapeshifter) (D:13)
  A steam dragon (D:8)
  16 vampire mosquitoes
  4 acid dragons
  3 hell hounds (D:13)
  8 orc warriors
  14 water moccasins
  3 sky beasts
  An ice beast (D:7)
  15 black bears
  3 boggarts (Lair:5)
  An ogre (D:6)
  3 centaurs (D:13)
  47 wolves
  A phantom (D:5)
  5 kobold brigands
  15 bullfrogs
  A necrophage (D:4)
  A gnoll sergeant (D:9)
  A scorpion (D:5)
  11 wights
  14 killer bees
  7 wolf zombies (Bailey)
  6 vampire bats (Bailey)
  6 electric eels
  5 howler monkeys
  A hound (D:5)
  A jelly (D:4)
  9 orc priests
  3 iguanas
  Terence (D:3)
  17 orc wizards
  A polar bear simulacrum (Lair:3)
  2 wolf simulacra (Lair:3)
  21 orc zombies (Bailey)
  6 gnolls
  5 adders
  2 shadow imps
  A white imp (D:6)
  2 ufetubi
  2 worms
  4 dart slugs
  39 orcs
  9 ball pythons
  6 bats
  18 endoplasms
  A giant cockroach (D:3)
  8 goblins
  9 hobgoblins
  4 jackals
  3 quokkas
  6 frilled lizards (D:1)
  30 kobolds
  5 rats
  A butterfly (Lair:1)
  6 fulminant prisms
608 creatures vanquished.

Vanquished Creatures (collateral kills)
  9 kobolds (D:5)
9 creatures vanquished.

Vanquished Creatures (others)
  2 orcs (D:7)
  36 fulminant prisms
  39 fungi
  146 plants
  6 toadstools (D:4)
229 creatures vanquished.

Grand Total: 846 creatures vanquished

Notes
Turn   | Place    | Note
-------+----------+-------------------------------------------
     0 | D:1      | Decritt the Djinni Conjurer began the quest for the Orb.
     0 | D:1      | Decritt set off with the following spells memorised: Magic
                  | Dart, Searing Ray, Dazzling Flash, Fulminant Prism,
                  | Iskenderun's Mystic Blast.
     0 | D:1      | Reached XP level 1. HP: 15/15 MP: 0/0
    76 | D:1      | Reached skill level 1 in Fighting
   143 | D:1      | Reached XP level 2. HP: 19/22 MP: 0/0
   227 | D:1      | Found a faded altar of an unknown god.
   373 | D:1      | Found Gehir's Antique Armour Shop.
   388 | D:1      | Reached skill level 2 in Fighting
   655 | D:1      | Reached XP level 3. HP: 27/29 MP: 0/0
   655 | D:1      | Learned a level 1 spell: Sandblast
  2123 | D:2      | Reached skill level 3 in Fighting
  2123 | D:2      | Reached XP level 4. HP: 33/35 MP: 0/0
  2144 | D:2      | Found Ruhuch's Antique Armour Shop.
  3322 | D:2      | Found a hazy altar of Hepliaklqana.
  3509 | D:3      | Reached skill level 1 in Armour
  3918 | D:3      | Noticed Terence
  3931 | D:3      | Killed Terence
  3932 | D:3      | Reached XP level 5. HP: 32/41 MP: 0/0
  3932 | D:3      | Learned a level 2 spell: Wereblood
  4701 | D:4      | Found Erurebi's Distillery.
  4879 | D:4      | Reached skill level 4 in Fighting
  4879 | D:4      | Reached XP level 6. HP: 30/47 MP: 0/0
  5808 | D:4      | Found a blossoming altar of Fedhas.
  5873 | D:4      | Found a staircase to the Ecumenical Temple.
  6552 | D:5      | Entered Level 5 of the Dungeon
  6699 | D:5      | Reached XP level 7. HP: 44/53 MP: 0/0
  6699 | D:5      | Learned a level 3 spell: Ignite Poison
  6717 | D:5      | Reached skill level 5 in Fighting
  7695 | Temple   | Entered the Ecumenical Temple
  7883 | Temple   | Became a worshipper of Makhleb the Destroyer
  8112 | D:5      | Identified 2 scrolls of acquirement
  8112 | D:5      | Acquired a staff of conjuration
  8116 | D:5      | Acquired 667 gold pieces
  8194 | D:1      | Bought a runed troll leather armour for 342 gold pieces
  8244 | D:2      | Bought a runed orb for 372 gold pieces
  8336 | D:4      | Bought a potion of curing for 33 gold pieces
  8336 | D:4      | Bought a potion of curing for 33 gold pieces
  8336 | D:4      | Bought a potion of heal wounds for 55 gold pieces
  8457 | D:5      | Noticed a water moccasin
  8462 | D:5      | Killed a water moccasin
  8463 | D:5      | Reached skill level 6 in Fighting
  8463 | D:5      | Reached XP level 8. HP: 59/61 MP: 0/0
  8649 | D:5      | Reached * piety under Makhleb
  9296 | D:6      | Found a bloodstained altar of Trog.
  9299 | D:6      | Found a glowing golden altar of the Shining One.
  9302 | D:6      | Found a glowing silver altar of Zin.
  9305 | D:6      | Found an iron altar of Okawaru.
  9603 | D:6      | HP: 2/62 [orc warrior/+0 battleaxe (19)]
  9690 | D:6      | Reached skill level 1 in Shields
 10025 | D:7      | Reached skill level 7 in Fighting
 10296 | D:7      | Reached skill level 5 in Spellcasting
 10296 | D:7      | Reached XP level 9. HP: 65/68 MP: 0/0
 10296 | D:7      | Learned a level 4 spell: Manifold Assault
 10415 | D:7      | Reached skill level 5 in Armour
 10491 | D:7      | Reached ** piety under Makhleb
 10860 | D:7      | Reached skill level 8 in Fighting
 11804 | D:8      | Reached XP level 10. HP: 76/77 MP: 0/0
 12225 | D:8      | Reached skill level 9 in Fighting
 12473 | D:9      | Reached skill level 5 in Dodging
 13121 | D:9      | Identified the +0 leather armour "Ynkil" {rPois Dex+4}
 13482 | D:10     | Entered Level 10 of the Dungeon
 13501 | D:10     | Found a flagged portal.
 13508 | Bailey   | Entered a bailey
 13857 | Bailey   | Reached skill level 10 in Fighting
 13857 | Bailey   | Reached *** piety under Makhleb
 13862 | Bailey   | Reached skill level 5 in Shields
 13879 | Bailey   | Noticed a gargoyle
 13898 | Bailey   | Killed a gargoyle
 14053 | Bailey   | Found the +4 skin of Zhor {*Englaciate rC+++ SInv}
 14356 | D:10     | Reached XP level 11. HP: 74/86 MP: 0/0
 14356 | D:10     | Learned a level 4 spell: Passage of Golubria
 14364 | D:10     | Noticed a boulder beetle
 14585 | D:10     | Reached **** piety under Makhleb
 14989 | D:10     | Found a staircase to the Lair.
 15171 | Lair:1   | Entered Level 1 of the Lair of Beasts
 15201 | Lair:1   | Noticed Grum
 15216 | Lair:1   | Killed Grum
 15218 | Lair:1   | Reached skill level 11 in Fighting
 15475 | Lair:1   | Found a transporter.
 15487 | Lair:1   | Noticed a moth of wrath
 15487 | Lair:1   | Noticed Jano's ghost (journeyman HOFi)
 15490 | Lair:1   | Found a bloodstained altar of Trog.
 15490 | Lair:1   | Noticed a spriggan rider
 15511 | Lair:1   | Found a transporter.
 15524 | Lair:1   | Noticed a spriggan rider
 15635 | Lair:1   | Reached skill level 12 in Fighting
 15656 | Lair:1   | Acquired the ring "Cyssem" {rElec rN+ SInv}
 15688 | Lair:1   | Reached XP level 12. HP: 86/95 MP: 0/0
 16528 | Lair:2   | Found a snail-covered altar of Cheibriados.
 16732 | Lair:2   | Noticed a boulder beetle
 16967 | Lair:2   | Found a staircase to the Swamp.
 16974 | Lair:2   | Reached ***** piety under Makhleb
 16988 | Lair:2   | Reached skill level 13 in Fighting
 17899 | Lair:3   | Noticed Amaemon
 17913 | Lair:3   | Reached XP level 13. HP: 104/104 MP: 0/0
 17913 | Lair:3   | Learned a level 5 spell: Fireball
 17916 | Lair:3   | Killed Amaemon
 18023 | Lair:3   | Found a hole to the Spider Nest.
 18036 | Lair:3   | Reached skill level 14 in Fighting
 18242 | Lair:3   | Reached skill level 10 in Dodging
 18486 | Lair:3   | Reached skill level 10 in Spellcasting
 18486 | Lair:3   | Reached XP level 14. HP: 112/112 MP: 0/0
 18597 | Lair:3   | Identified the +1 ring mail of the Albatross {rElec rN+
                  | Dex-5 Stlth+}
 19056 | Lair:4   | Found a viscous altar of Jiyva.
 19057 | Lair:4   | Found a staircase to the Slime Pits.
 19155 | Lair:4   | Reached skill level 15 in Fighting
 19194 | Lair:4   | Reached ****** piety under Makhleb
 19924 | Lair:5   | Entered Level 5 of the Lair of Beasts
 20184 | Lair:5   | Noticed hofbold's ghost (journeyman OgTm)
 20185 | Lair:5   | Found a transporter.
 20189 | Lair:5   | Found a transporter.
 20220 | Lair:5   | Reached XP level 15. HP: 119/121 MP: 0/0
 20220 | Lair:5   | Learned a level 6 spell: Eringya's Noxious Bog
 20571 | Lair:5   | Reached skill level 16 in Fighting
 21413 | Swamp:1  | Entered Level 1 of the Swamp
 22632 | D:11     | Noticed Erolcha
 22635 | D:11     | Killed Erolcha
 22719 | D:12     | Found a transporter.
 22719 | D:12     | Found a transporter.
 22885 | D:12     | Found a staircase to the Orcish Mines.
 23026 | D:12     | Found Neitz's General Store.
 23035 | D:12     | Bought a scroll of identify for 32 gold pieces
 23035 | D:12     | Bought a scroll of summoning for 152 gold pieces
 23604 | D:13     | Noticed Azrael
 23625 | D:13     | Killed Azrael
 24199 | D:13     | Reached skill level 17 in Fighting
 24532 | D:14     | Found a gate to the Vaults.
 24579 | D:14     | Noticed Josephine
 24582 | D:14     | Reached XP level 16. HP: 91/130 MP: 0/0
 24590 | D:14     | Killed Josephine
 24783 | D:14     | Annihilated by a white ugly thing

Illustrated notes

Levels and vault maps discovered:
D:1:      minmay_arrival_four_loops, layout_basic, serial_shops, shop,
          chequers_ecumenical_altar_simple_redux
D:2:      layout_rooms, serial_shops, shop, serial_glass, glass_columns_a,
          glass_columns_c, glass_columns_c, glass_columns_a, glass_columns_a,
          glass_columns_c, minmay_strange_pillars, item_on_display_a,
          minmay_strange_pillars, basic_altar
D:3:      layout_basic, minmay_fountain_box, minmay_hedge_maze, uniq_terence
D:4:      cheibrodos_fertilizer, layout_loops_ring, fedhas_altar_3,
          minmay_temple_entry_from_below_a, serial_shops, shop
D:5:      kennysheep_kobold_camp, layout_cave_pools, minmay_curled_crystal
D:6:      layout_gridville, grunt_temple_overflow_cloverleaf
D:7:      layout_loops_ring, item_on_display_a
D:8:      layout_cave_pods
D:9:      layout_loops_ring, minmay_misc_feat_hallway
D:10:     layout_loops_ring, david_lair_shrubbed, enter_bailey_2,
          corner_web_ring
D:11:     layout_basic, uniq_erolcha
D:12:     gammafunk_beogh_shrine, layout_long_grid, david_orc_3, serial_shops,
          nicolae_shop_statue_plus
D:13:     layout_roguey, uniq_azrael
D:14:     layout_irregular_city, erik_vaults_2,
          nicolae_hepliaklqana_hippocampus, einodemon_crawler_minivault,
          uniq_josephine
Temple:   bh_familiar_temple
Lair:1:   beast_lair_carwin_large_1, layout_loops_ring,
          gammafunk_ghost_wrathful_warriors, grunt_megastairs_2,
          lemuel_fruit_fields, uniq_grum
Lair:2:   layout_regular_city, minmay_swamp_entry_swarm, kennysheep_snail_temple
Lair:3:   layout_cave_pods, nicolae_spider_entry_orb_guardian,
          portal_ice_cave_entry_ice_simulacra, grunt_forest_large_clearings,
          uniq_amaemon
Lair:4:   layout_regular_city, slime_entry_1, serial_bayou, serial_bayou_lake_a,
          serial_bayou_crossing, serial_bayou_pond_b, serial_bayou_lagoon_a,
          chequers_serial_rivers_micro_c, st_stairs_8
Lair:5:   minmay_lair_end_enchanted_forest, layout_layer_cave,
          gammafunk_ghost_arena, st_stairs_4, chequers_serial_rivers_micro_d
Swamp:1:  layout_falls_marsh, evilmike_swamp_ruin_rubble_1

Skill      XL: |  1  2  3  4  5  6  7  8  9 10 11 12 13 14 15 16 |
---------------+-------------------------------------------------+-----
Fighting       | 1 2 3 4 6 7 8 10 12 13 14 15 17 | 17.6
Armour         | 1 2 3 4 5 6 |  6.0
Spellcasting   | 4 5 6 7 8 10 11 | 11.8
Shields        | 1 3 5 6 |  6.5
Dodging        | 4 6 8 9 10 11 12 13 | 13.0
Stealth        | |  1.5

Action                   |  1- 3 |  4- 6 |  7- 9 | 10-12 | 13-15 | 16-18 || total
-------------------------+-------+-------+-------+-------+-------+-------++-------
Melee: Unarmed           |     1 |       |       |       |       |       ||     1
       Dagger            |     7 |     2 |       |       |       |       ||     9
       Staff             |       |     4 |     2 |    27 |     3 |     1 ||    37
 Cast: Magic Dart        |    62 |   168 |   162 |     9 |       |       ||   401
       Searing Ray       |     1 |     8 |    51 |    76 |    12 |       ||   148
       Sandblast         |       |       |    26 |   327 |   141 |    15 ||   509
       Passage of Golubr |       |       |       |     4 |     9 |       ||    13
       Fulminant Prism   |       |       |       |     2 |    40 |       ||    42
       Manifold Assault  |       |       |       |     1 |     1 |       ||     2
       Wereblood         |       |       |       |     1 |       |       ||     1
       Fireball          |       |       |       |       |   204 |    36 ||   240
       Eringya's Noxious |       |       |       |       |     6 |       ||     6
       Dazzling Flash    |       |       |       |       |     1 |       ||     1
Evoke: Condenser vane    |       |       |       |       |     1 |       ||     1
  Use: Scroll            |       |    15 |     8 |     5 |    10 |     1 ||    39
       Potion            |       |       |     4 |     4 |     2 |     1 ||    11
Armor: Robe              |     2 |    12 |     5 |       |       |       ||    19
       Troll leather arm |       |       |    24 |   153 |    55 |    19 ||   251
       Animal skin       |       |       |       |       |     2 |       ||     2
Dodge: Dodged            |     9 |    22 |    78 |   364 |   209 |    52 ||   734
       Repelled          |       |       |       |       |     2 |       ||     2
Block: Buckler           |       |       |    11 |   187 |    82 |    17 ||   297

Table legend: (Time is in decaauts)
 A = Elapsed time spent in this place.
 B = Non-inter-level travel time spent in this place.
 C = Inter-level travel time spent in this place.
 D = Time resting spent in this place.
 E = Time spent auto-exploring this place.
 F = Levels seen in this place.
 G = Mean time per level.
                   A        B        C        D        E       F      G
               +--------+--------+--------+--------+--------+-----+--------+
         Total |  25079 |  23610 |   1469 |   6364 |  11972 |  22 | 1140.0 |
       Dungeon |  17509 |  16370 |   1139 |   5182 |   8316 |  14 | 1250.6 |
        Temple |    224 |    167 |     57 |      0 |    161 |   1 |  224.0 |
          Lair |   6578 |   6306 |    272 |    890 |   3388 |   5 | 1315.6 |
         Swamp |     26 |     26 |      0 |      0 |      0 |   1 |   26.0 |
        Bailey |    740 |    740 |      0 |    292 |    107 |   1 |  740.0 |
               +--------+--------+--------+--------+--------+-----+--------+

Top non-repeatable levels by time:
     D:4: 2792 daAuts
     D:1: 2068 daAuts
  Lair:2: 1661 daAuts
     D:8: 1584 daAuts
  Lair:5: 1467 daAuts
     D:2: 1449 daAuts
     D:5: 1380 daAuts
     D:6: 1296 daAuts
  Lair:1: 1246 daAuts
  Lair:3: 1210 daAuts
     D:3: 1196 daAuts
     D:9: 1145 daAuts
    D:10: 1099 daAuts
     D:7: 1049 daAuts
  Lair:4: 992 daAuts
